 Dungeon Crawl Stone Soup version 0.31-a0-675-g238779eb0a (webtiles) character file.

Game seed: 217480085298316088

83 randomguy2701 the Chopper (level 4, -7/40 HPs)
             Began as a Hill Orc Fighter on Sept 6, 2023.
             Was an Initiate of Beogh.
             Mangled by a gnoll sergeant
             ... wielding a +0 spear
              (11 damage)
             ... on level 4 of the Dungeon.
             The game lasted 00:01:37 (2345 turns).

randomguy2701 the Chopper (Hill Orc Fighter)        Turns: 2345, Time: 00:01:38

Health: -7/40      AC:  7    Str: 18    XL:     4   Next: 44%
Magic:  4/4        EV:  9    Int:  8    God:    Beogh [......]
Gold:   56         SH:  5    Dex: 12    Spells: 3/3 levels left

rFire   . . .        a - +0 war axe
rCold   . . .        c - +0 buckler
rNeg    . . .        b - +0 scale mail
rPois   .            (no helmet)
rElec   .            (no cloak)
rCorr   .            (no gloves)
SInv    .            (no boots)
Will    .....        (no amulet) Stlth
                     (no ring)
HPRegen 0.26/turn    (no ring)
MPRegen 0.09/turn

%: no passive effects
@: no status effects
A: no striking features
a: Renounce Religion


You were on level 4 of the Dungeon.
You worshipped Beogh.
Beogh was noncommittal.
You visited 1 branch of the dungeon, and saw 4 of its levels.

You collected 56 gold pieces.

Inventory:

Hand Weapons
 a - a +0 war axe (weapon)
Missiles
 r - a throwing net
Armour
 b - a +0 scale mail (worn)
 c - a +0 buckler (worn)
Jewellery
 p - an amulet of magic regeneration
Scrolls
 e - a scroll of enchant weapon {unknown}
 g - 4 scrolls of identify {unknown}
 h - a scroll of amnesia {unknown}
 i - 2 scrolls of vulnerability {unknown}
 k - 2 scrolls of blinking {unknown}
 m - 2 scrolls of summoning {unknown}
 o - a scroll of fear {unknown}
 q - a scroll of fog {unknown}
 t - a scroll of poison {unknown}
 v - a scroll of teleportation {unknown}
Potions
 d - a potion of might
 f - 3 potions of curing {unknown}
 j - a potion of haste {unknown}
 l - a potion of mutation {unknown}
 n - 2 potions of cancellation {unknown}
 s - 2 potions of ambrosia {unknown}
 u - a potion of invisibility {unknown}


   Skills:
 + Level 4.1 Fighting
 + Level 4.3 Axes
 + Level 3.9 Armour
 + Level 0.2 Dodging
 + Level 3.9 Shields


You had 3 spell levels left.
You didn't know any spells.
Your spell library was empty.

Dungeon Overview and Level Annotations

Branches:
Dungeon (4/15)
 Temple: D:4-7

Altars:

Shops:
D:2 ?


Message History

The gnoll barely misses you.
You see here a hobgoblin corpse.
You slash the gnoll!
The gnoll is heavily wounded.
The gnoll barely misses you.
A gnoll comes into view. It is wielding a +0 halberd.
The gnoll hits you but does no damage. You block the gnoll sergeant's attack.
The gnoll hits you but does no damage.
The gnoll sergeant hits you from afar with a +0 spear.
You block the gnoll's attack.
A gnoll comes into view. It is wielding a +0 club.
You closely miss the gnoll.
The gnoll is heavily wounded.
The gnoll closely misses you. You block the gnoll's attack.
You block the gnoll sergeant's attack.
You closely miss the gnoll.
The gnoll is heavily wounded.
The gnoll hits you from afar with a +0 spear.
The gnoll sergeant hits you from afar with a +0 spear.
You barely miss the gnoll.
The gnoll is heavily wounded.
The gnoll hits you with a +1 halberd of protection.
The gnoll sergeant hits you from afar with a +0 spear.
The gnoll misses you.
You hit the gnoll but do no damage.
The gnoll is heavily wounded.
The gnoll hits you with a +1 halberd of protection.
The gnoll barely misses you.
The gnoll sergeant hits you from afar with a +0 spear!
* * * LOW HITPOINT WARNING * * *
The gnoll hits you with a +1 halberd of protection.
* * * LOW HITPOINT WARNING * * *
The gnoll sergeant barely misses you.
The gnoll hits you from afar with a +0 spear.
* * * LOW HITPOINT WARNING * * *
You slash the gnoll!
You kill the gnoll!
Beogh accepts your kill.
The gnoll sergeant hits you from afar with a +0 spear!
You die...

# # # ### ## #.. ..
#.# ###.## #.# .....
#.########..#
#.#......@..#
#######.#.#####).g#
.................ggg#
#######.#.#########.#
#.#... #
########.#####
.........# ########.#
###


You could see a gnoll sergeant and 3 gnolls.

Vanquished Creatures
  A gnoll (D:4)
  3 adders
  4 orcs (D:3)
  5 endoplasms
  A goblin (D:2)
  7 hobgoblins
  11 kobolds
  2 quokkas
  A ball python (D:3)
  7 bats
  4 frilled lizards
  5 rats
51 creatures vanquished.

Notes
Turn   | Place    | Note
-------+----------+-------------------------------------------
     0 | D:1      | randomguy2701 the Hill Orc Fighter began the quest for the
                  | Orb.
     0 | D:1      | Reached XP level 1. HP: 19/19 MP: 1/1
   181 | D:1      | Reached XP level 2. HP: 25/27 MP: 2/2
   722 | D:2      | Reached XP level 3. HP: 32/33 MP: 3/3
   774 | D:2      | Found Ytrischy's Magic Scroll Boutique.
  1667 | D:3      | Became a worshipper of Beogh the Brigand
  1951 | D:3      | Reached XP level 4. HP: 28/40 MP: 4/4
  2335 | D:4      | Noticed a gnoll sergeant
  2345 | D:4      | Mangled by a gnoll sergeant

Illustrated notes

Levels and vault maps discovered:
D:1:      onia_arrival_pentagram, layout_basic, serial_curves, eino_curves_01,
          eino_curves_04
D:2:      layout_rooms, serial_shops, nicolae_shop_behind_doors,
          serial_co_window_serial, co_window_corner_a, co_window_paths_a,
          co_window_cross_1, co_window_cross_1, co_window_paths_a,
          co_window_of_opportunity_a, co_window_corner_a, co_window_paths_b,
          co_window_of_opportunity_a, co_window_cross_3,
          co_window_of_opportunity_b, co_window_broadway_b, co_window_corner_cb,
          co_window_4corner_b, glass_columns_b, glass_columns_c,
          glass_columns_b, glass_columns_b, glass_columns_a
D:3:      layout_basic
D:4:      layout_basic

Skill      XL: |  1  2  3  4 |
---------------+-------------+-----
Axes           | 3 4 |  4.3
Fighting       | 4 |  4.1
Armour         | |  3.9
Dodging        | |  0.2
Shields        | |  3.9

Action                     |  1- 3 |  4- 6 || total
---------------------------+-------+-------++-------
  Melee: War axe           |   109 |    28 ||   137
 Invoke: Convert to Beogh  |     1 |       ||     1
 Armour: Scale mail        |    88 |    28 ||   116
  Dodge: Dodged            |    46 |    14 ||    60
  Block: Buckler           |    27 |    13 ||    40

Table legend: (Time is in decaauts)
 A = Elapsed time spent in this place.
 B = Non-inter-level travel time spent in this place.
 C = Inter-level travel time spent in this place.
 D = Time resting spent in this place.
 E = Time spent auto-exploring this place.
 F = Levels seen in this place.
 G = Mean time per level.
                   A        B        C        D        E       F      G
               +--------+--------+--------+--------+--------+-----+--------+
         Total |   2394 |   2277 |    117 |      0 |   1930 |   4 |  598.5 |
       Dungeon |   2394 |   2277 |    117 |      0 |   1930 |   4 |  598.5 |
               +--------+--------+--------+--------+--------+-----+--------+

Top non-repeatable levels by time:
     D:2: 938 daAuts
     D:1: 669 daAuts
     D:3: 643 daAuts
     D:4: 143 daAuts
